AoeStats
← Zwanno

Arena

510142408Analyzed
1v1 RM · 1d ago on Sep 29, 2026· 37m 17s· 2 players
Game mode
Random Map
Map size
Tiny (2 player)
Population
200
Speed
Normal
Resources
Standard
Victory
Conquest
Starting age
Dark Age
Ending age
Imperial Age
RankedLock teamsTeams togetherTeam positionsShared explorationLock speedFull tech treeHidden civsTurbo modeCheats
Victory
Defeat
🇪🇸 Goths · Spain
860
+16
🇸🇰 Danes · Slovakia
866
-16
[PKT]Luixpozo
7:16 Loom
12:42 Feudal Age
17:21 Castle Age
25:28 Forging
30:39 Imperial Age
32:52 Conscription
Zwanno
11:07 Feudal Age
15:19 Castle Age
13:08 Loom
14:31 Double-Bit Axe
16:24 Bow Saw
20:10 Horse Collar
21:48 Wheelbarrow
21:27 Stone Mining
24:04 Man-at-Arms
24:47 Gambesons
25:41 Gold Mining
25:49 Fletching
26:05 Town Watch
26:27 Long Swordsman
28:36 Gold Shaft Mining
28:32 Squires
28:48 Hamask
29:54 Scale Mail Armor
32:02 Forging
34:34 Imperial Age
33:57 Masonry
34:51 Elite Varangian Guard
36:41 Bodkin Arrow
37:13 Conscription
Connection lost

Rejoining the realm…

Still unreachable

The connection could not be restored.

Session expired

The server has moved on; the page needs a fresh start.